 Dungeon Crawl Stone Soup version 0.30-a0-50-gb2d611f6b1 (webtiles) character file.

Game seed: 3362198479094050647

261 Destapler the Trooper (level 6, -1/55 HPs)
             Began as a Hill Orc Abyssal Knight on Sept 3, 2022.
             Was a Believer of Lugonu.
             Slain by a scorpion (2 damage)
             ... on level 3 of the Dungeon.
             The game lasted 00:06:48 (5250 turns).

Destapler the Trooper (Hill Orc Abyssal Knight)     Turns: 5250, Time: 00:06:48

Health: -1/55      AC:  4    Str: 18    XL:     6   Next: 18%
Magic:  8/9        EV: 12    Int: 10    God:    Lugonu [**....]
Gold:   167        SH:  0    Dex: 11    Spells: 5/5 levels left

rFire   + . .      SeeInvis .    a - +1 hand axe
rCold   + . .      Faith    .    (no shield)
rNeg    . . .      Spirit   .    b - +1 leather armour
rPois   +          Reflect  .    (no helmet)
rElec   +          Harm     .    (no cloak)
rCorr   +          Rampage  .    (no gloves)
Will    .....                    (no boots)
Stlth   +.........               (no amulet)
HPRegen 0.18/turn                (no ring)
MPRegen 0.11/turn                (no ring)

@: resistant
A: no striking features
a: Renounce Religion, Depart the Abyss, Bend Space


You were on level 3 of the Dungeon.
You worshipped Lugonu.
Lugonu was pleased with you.
You visited 1 branch of the dungeon, and saw 3 of its levels.
You visited the Abyss 1 time.

You collected 167 gold pieces.

Inventory:

Hand Weapons
 a - a +1 hand axe (weapon)
Missiles
 e - 2 javelins
Armour
 b - a +1 leather armour (worn)
Jewellery
 c - a +6 ring of strength
Scrolls
 d - 2 scrolls of teleportation
 f - a scroll of poison {unknown}
 h - 3 scrolls of blinking
 i - a scroll of amnesia {unknown}
 j - a scroll of identify
Potions
 g - a potion of resistance


   Skills:
 + Level 4.9 Fighting
 + Level 4.3 Axes
 + Level 3.5 Armour
 + Level 2.2 Dodging
 + Level 4.2 Invocations


You had 5 spell levels left.
You didn't know any spells.
Your spell library was empty.

Dungeon Overview and Level Annotations

Branches:
Dungeon (3/15)

Altars:


Message History

Unknown command.
You are too injured to fight recklessly!
Unknown command.
You are too injured to fight recklessly!
Unknown command.
You are too injured to fight recklessly!
Unknown command.
You are too injured to fight recklessly!
Unknown command.
You are too injured to fight recklessly!
You are too injured to fight recklessly!
You feel protected.
You feel sick.
The scorpion stings you but does no damage.
The hobgoblin misses you.
Okay, then.
Autopickup is now off.
Press: ? - help, v - describe, . - travel The floor.
You feel sick.
You feel sick.
The hobgoblin hits you but does no damage.
You see here a scroll of teleportation.
You feel sick.
The scorpion stings you but does no damage.
The scorpion stings you.
* * * LOW HITPOINT WARNING * * *
The hobgoblin attacks as you move away!
The hobgoblin hits you but does no damage.
You feel sick.
You feel sick.
You hit the hobgoblin.
You kill the hobgoblin!
Lugonu accepts your kill.
You feel sick.
You feel sick.
You are no longer poisoned.
Space bends violently around you!
You blink.
You closely miss the scorpion. The scorpion stings you.
You die...

## #### .. ..#
..###.########
............
#........####
#............ ###
###........# #..
..#..@.....+ #.#
#.#..s.....# . # #.#
#.#.#.#........
#.#.#.###.###†#.#######
#...#<#.......### #
#....)....###
#.##...[....###
#.....).......#
####..#.#+###.#


You could see a scorpion.

Vanquished Creatures
  Sigmund (D:2)
  An orc priest (D:2)
  An orc wizard (D:3)
  A dart slug (D:1)
  5 orcs
  2 bats
  7 endoplasms
  3 giant cockroaches
  5 goblins
  4 hobgoblins
  2 jackals (D:1)
  7 kobolds
  A quokka (D:2)
  A ball python (D:2)
  2 frilled lizards
  3 rats
46 creatures vanquished.

Vanquished Creatures (others)
  A spriggan simulacrum (Abyss:2)
  3 raiju (Abyss:2)
  A shadow (Abyss:2)
  16 small abominations (Abyss:2)
  A large abomination (Abyss:2)
  2 golden eyes (Abyss:2)
  A jelly (Abyss:2)
  A white imp (Abyss:2)
  4 lurking horrors (Abyss:2)
  A plant (D:2)
  4 starspawn tentacles (Abyss:2)
35 creatures vanquished.

Grand Total: 81 creatures vanquished

Notes
Turn   | Place    | Note
-------+----------+-------------------------------------------
     0 | Abyss:1  | Destapler the Hill Orc Abyssal Knight began the quest for
                  | the Orb.
     0 | Abyss:1  | Reached XP level 1. HP: 19/19 MP: 2/2
  1477 | Abyss:2  | Killed a small abomination
  1696 | Abyss:2  | Killed a small abomination
  1722 | Abyss:2  | Killed a raiju
  1724 | Abyss:2  | Killed a jelly
  1759 | Abyss:2  | Killed a large abomination
  1785 | Abyss:2  | Killed a small abomination
  1818 | Abyss:2  | Killed a small abomination
  1823 | Abyss:2  | Killed a shadow
  1840 | Abyss:2  | Killed a raiju
  1849 | Abyss:2  | Killed a small abomination
  1892 | Abyss:2  | Killed a small abomination
  1917 | Abyss:2  | Killed a small abomination
  1960 | Abyss:2  | Killed a small abomination
  1979 | Abyss:2  | Killed a small abomination
  2030 | Abyss:2  | Killed a small abomination
  2043 | Abyss:2  | Killed a golden eye
  2064 | Abyss:2  | Killed a small abomination
  2072 | Abyss:2  | Killed a small abomination
  2149 | Abyss:2  | Killed a raiju
  2161 | Abyss:2  | Killed a small abomination
  2174 | Abyss:2  | Killed a small abomination
  2215 | Abyss:2  | Killed a spriggan defender simulacrum
  2284 | Abyss:2  | Killed a small abomination
  2289 | Abyss:2  | Killed a golden eye
  2321 | Abyss:2  | Killed a small abomination
  2326 | Abyss:2  | Noticed a tentacled starspawn
  2421 | Abyss:2  | Noticed a smoke demon
  2425 | Abyss:2  | Noticed a white very ugly thing
  2427 | Abyss:2  | Noticed a tentacled starspawn
  2427 | Abyss:2  | Noticed a starcursed mass
  2428 | Abyss:2  | Noticed a lich
  2437 | Abyss:2  | Noticed a large abomination
  2442 | Abyss:2  | Noticed a large abomination
  2446 | Abyss:2  | Noticed a small abomination
  2464 | D:1      | Escaped the Abyss
  2874 | D:1      | Reached skill level 1 in Dodging
  2874 | D:1      | Reached XP level 2. HP: 22/27 MP: 4/4
  3891 | D:2      | Reached XP level 3. HP: 31/33 MP: 5/5
  4237 | D:2      | Found a faded altar of an unknown god.
  4352 | D:2      | Reached ** piety under Lugonu
  4418 | D:2      | Noticed Sigmund
  4431 | D:2      | Killed Sigmund
  4432 | D:2      | Reached XP level 4. HP: 13/41 MP: 6/6
  4432 | D:2      | Reached XP level 5. HP: 15/47 MP: 7/7
  4944 | D:2      | Reached XP level 6. HP: 40/53 MP: 9/9
  5250 | D:3      | Slain by a scorpion

Illustrated notes

Levels and vault maps discovered:
D:1:      kennysheep_arrival_forest, layout_loops_cross
D:2:      layout_basic, shapermc_ecumenical_altar_mp_urbaneastern, uniq_sigmund
D:3:      layout_basic, minmay_misc_feat_four_crosses

Skill      XL: |  1  2  3  4  5 |
---------------+----------------+-----
Dodging        | 1 2 |  2.2
Axes           | 3 4 |  4.3
Fighting       | 4 |  4.9
Invocations    | 3 4 |  4.2
Armour         | 3 |  3.5

Action                   |  1- 3 |  4- 6 || total
-------------------------+-------+-------++-------
Melee: Hand axe          |    80 |    56 ||   136
       Punch             |     1 |     1 ||     2
Invok: Depart the Abyss  |     1 |       ||     1
       Bend Space        |       |     1 ||     1
  Use: Scroll            |     5 |       ||     5
       Potion            |     2 |     2 ||     4
Armor: Leather armour    |    20 |    20 ||    40
Dodge: Dodged            |    49 |    41 ||    90

Table legend: (Time is in decaauts)
 A = Elapsed time spent in this place.
 B = Non-inter-level travel time spent in this place.
 C = Inter-level travel time spent in this place.
 D = Time resting spent in this place.
 E = Time spent auto-exploring this place.
 F = Levels seen in this place.
 G = Mean time per level.
                   A        B        C        D        E       F      G
               +--------+--------+--------+--------+--------+-----+--------+
         Total |   5248 |   5213 |     35 |   2769 |   2032 |   5 | 1049.6 |
       Dungeon |   2785 |   2750 |     35 |    507 |   1918 |   3 |  928.3 |
         Abyss |   2463 |   2463 |      0 |   2262 |    114 |   2 | 1231.5 |
               +--------+--------+--------+--------+--------+-----+--------+

Top non-repeatable levels by time:
 Abyss:2: 2396 daAuts
     D:1: 1335 daAuts
     D:2: 1215 daAuts
     D:3: 234 daAuts
 Abyss:1: 67 daAuts
